 Dungeon Crawl Stone Soup version 0.29.1-12-g30fa7ad0bf (webtiles) character file.

Game seed: 1503221865525669539

123 GeoRichter the Trooper (level 5, -3/43 HPs)
             Began as a Formicid Fighter on Dec 24, 2022.
             Killed by nerve-wracking pain
             ... invoked by an orc priest
              (14 damage)
             ... on level 4 of the Dungeon.
             The game lasted 00:04:14 (2944 turns).

GeoRichter the Trooper (Formicid Fighter)           Turns: 2944, Time: 00:04:15

Health: -3/43      AC: 11    Str: 23    XL:     5   Next: 29%
Magic:  5/5        EV: 10    Int:  7    God:
Gold:   172        SH:  5    Dex: 13    Spells: 4/4 levels left

rFire   . . .      SeeInvis +   a - +0 flail
rCold   . . .      Faith    .   c - +0 buckler
rNeg    . . .      Spirit   .   n - +0 plate armour
rPois   .          Reflect  .   (helmet unavailable)
rElec   .          Harm     .   (no cloak)
rCorr   .          Rampage  .   (no gloves)
Will    .....                   (no boots)
Stlth   ..........              (no amulet)
HPRegen 0.14/turn               j - +4 ring of evasion
MPRegen 0.09/turn               (no ring)

@: no status effects
A: permanent stasis, dig shafts and tunnels, antennae 3, four strong arms
a: Dig, Shaft Self


You were on level 4 of the Dungeon.
You visited 1 branch of the dungeon, and saw 4 of its levels.

You collected 172 gold pieces.

Inventory:

Hand Weapons
 a - a +0 flail (weapon)
Missiles
 l - 2 javelins (quivered)
 o - a throwing net {!f}
Armour
 c - a +0 buckler (worn)
 n - a +0 plate armour (worn)
   (You found it on level 1 of the Dungeon)
Jewellery
 j - a +4 ring of evasion (left hand)
   (You found it on level 1 of the Dungeon)
Scrolls
 b - 3 scrolls of fear
 e - a scroll of torment {!r}
 g - a scroll of noise {unknown}
 h - 2 scrolls of immolation {!r}
 q - a scroll of fog {unknown}
 r - a scroll of magic mapping {unknown}
Potions
 d - a potion of might
 f - a potion of heal wounds {unknown}
 k - 3 potions of flight
 m - 2 potions of curing {@q1}
 p - a potion of cancellation


   Skills:
 + Level 4.4 Fighting
 * Level 4.3 Maces & Flails
 - Level 3.2 Armour
 - Level 4.0 Shields


You had 4 spell levels left.
You didn't know any spells.
Your spell library contained the following spells:

 Spells                   Type           Power      Damage    Failure   Level
 Frozen Ramparts          Ice            0%         1d1       100%        3
 Ice Form                 Ice/Tmut       0%         N/A       100%        4
 Summon Ice Beast         Ice/Summ       0%         N/A       100%        4


Dungeon Overview and Level Annotations

Branches:
Dungeon (4/15) Zot: 21007
 Temple: D:4-7

Altars:


Innate Abilities, Weirdness & Mutations

You cannot be hasted, slowed, berserked, paralysed or teleported.
You can dig through walls and to a lower floor.
You have a pair of large antennae on your head. (SInv)
Your four strong arms can wield two-handed weapons with a shield.


Message History

The orc closely misses you. The adder barely misses you.
You block the orc's attack. The orc closely misses you.
The orc completely misses you. x2
An orc comes into view. It is wielding a +0 hand axe.
The orc priest attacks as you move away!
The orc priest barely misses you. The orc attacks as you move away!
The orc closely misses you. The adder bites you.
The orc hits you but does no damage. The orc priest barely misses you.
The adder bites you but does no damage. The adder attacks as you move away!
The adder closely misses you. The orc closely misses you.
The adder attacks as you move away! You block the adder's attack.
You hit the adder but do no damage. The adder bites you but does no damage.
The orc hits you from afar with a +0 trident.
The adder completely misses you.
You barely miss the adder. The adder bites you but does no damage.
The orc closely misses you.
The orc priest miscasts a cantrip.
The adder bites you but does no damage.
You thump the adder!
The orc hits you from afar with a +0 trident.
The adder closely misses you. The orc barely misses you.
You closely miss the adder. The adder closely misses you.
The adder bites you but does no damage. You block the orc's attack.
The orc priest miscasts a cantrip.
You miss the adder. The adder bites you but does no damage.
The orc closely misses you. The adder misses you.
You closely miss the adder. The orc closely misses you.
The adder bites you but does no damage.
You closely miss the adder. The adder barely misses you.
The orc barely misses you. The adder closely misses you.
The orc priest calls down the wrath of Beogh upon you.
Beogh smites you!
* * * LOW HITPOINT WARNING * * *
The orc hits you but does no damage. You block the adder's attack.
You miss the adder. You block the adder's attack.
The orc priest begins to cast a cantrip, but forgets the words!
You block the adder's attack.
You thump the adder!
You kill the adder!
The orc hits you but does no damage. The orc hits you but does no damage.
The orc priest calls down the wrath of Beogh upon you.
Beogh smites you!
* * * LOW HITPOINT WARNING * * *
The orc attacks as you move away! The orc barely misses you.
The orc priest calls down the wrath of Beogh upon you.
Pain shoots through your body!
You die...

#......#
#......#
#.#o...###
###{#o!....#
#...#....#.#
#†###....# .
...##.o..o####
#.o......oo.#
.........o@.#
..#.........#
. #.........#
#.........#
#.........#
#.........#
#.........#
#.........#


You could see 2 orc priests and 5 orcs.

Vanquished Creatures
  3 gnolls (D:2)
  4 adders
  A dart slug (D:3)
  3 bats
  2 endoplasms
  A giant cockroach (D:2)
  9 hobgoblins
  10 jackals
  2 quokkas
  5 ball pythons
  4 frilled lizards
  2 goblins
  3 kobolds
  5 rats
54 creatures vanquished.

Notes
Turn   | Place    | Note
-------+----------+-------------------------------------------
     0 | D:1      | GeoRichter the Formicid Fighter began the quest for the
                  | Orb.
     0 | D:1      | Reached XP level 1. HP: 18/18 MP: 1/1
   149 | D:1      | Reached XP level 2. HP: 22/24 MP: 2/2
   231 | D:1      | You fall into a shaft and drop 1 floor!
   487 | D:2      | Reached XP level 3. HP: 30/30 MP: 3/3
   811 | D:1      | Found a faded altar of an unknown god.
  1914 | D:2      | Reached XP level 4. HP: 37/37 MP: 4/4
  2314 | D:3      | Reached XP level 5. HP: 39/42 MP: 5/5
  2944 | D:4      | Killed from afar by an orc priest

Illustrated notes

Levels and vault maps discovered:
D:1:      dpeg_arrival_brainrot, layout_basic, ebering_ecumenical_altar_ruins,
          lemuel_flame_loot_1
D:2:      layout_basic
D:3:      layout_loops_ring, guppyfry_early_lair_pool
D:4:      layout_basic, mainiacjoe_overflow_small_starburst,
          gammafunk_temple_overflow_pools,
          minmay_temple_entry_statues_fountains, uniq_ijyb

Skill      XL: |  1  2  3  4 |
---------------+-------------+-----
Maces & Flails | 3 4 |  4.3
Fighting       | 4 |  4.4
Armour         | |  3.2
Shields        | |  4.0

Action                   |  1- 3 |  4- 6 || total
-------------------------+-------+-------++-------
Melee: Flail             |    88 |   100 ||   188
 Abil: Dig               |     2 |       ||     2
  Use: Potion            |     2 |       ||     2
       Scroll            |       |     6 ||     6
Armor: Scale mail        |    21 |       ||    21
       Skin              |     1 |       ||     1
       Plate armour      |    10 |    61 ||    71
Dodge: Dodged            |    46 |    66 ||   112
Block: Buckler           |    27 |    28 ||    55
